 Dungeon Crawl Stone Soup version 0.27.1-34-g3ba077fa99 (webtiles) character file.

Game seed: 6621667836930773447

53 hawla the Conjurer (level 3, -3/28 HPs)
             Began as a Draconian Conjurer on Jan 10, 2022.
             Shot with an arrow by a centaur (5 damage)
             ... on level 3 of the Dungeon.
             The game lasted 00:07:13 (2532 turns).

hawla the Conjurer (Draconian Conjurer)             Turns: 2532, Time: 00:07:13

Health: -3/28      AC:  5    Str:  9    XL:     3   Next: 64%
Magic:  5/6        EV: 12    Int: 19    God:
Gold:   92         SH:  0    Dex:  9    Spells: 4/7 levels left

rFire    . . .     SeeInvis .   (no weapon)
rCold    . . .     Faith    .   (no shield)
rNeg     . . .     Spirit   .   (armour unavailable)
rPois    .         Reflect  .   (helmet restricted)
rElec    .         Harm     .   (no cloak)
rCorr    +         Rampage  .   (no gloves)
Will     .....                  (no boots)
Stlth    ++........             (no amulet)
HPRegen  0.09/turn              d - ring of resist corrosion
MPRegen  0.10/turn              j - ring of flight

@: about to teleport, flying
A: AC +5, unfitting armour, cold-blooded
a: no special abilities


You were on level 3 of the Dungeon.
You visited 1 branch of the dungeon, and saw 3 of its levels.

You collected 92 gold pieces.

Inventory:

Missiles
 k - 2 curare-tipped darts
Jewellery
 d - a ring of resist corrosion (left hand)
 j - a ring of flight (right hand)
Scrolls
 c - a scroll of amnesia
 e - a scroll of fog
Potions
 a - 4 potions of curing {unknown}
 b - a potion of haste {unknown}
 g - a potion of cancellation
 l - a potion of heal wounds {unknown}
 m - a potion of attraction {unknown}


   Skills:
 + Level 1.0 Fighting
 + Level 1.9 Dodging
 + Level 2.0 Stealth
 + Level 2.5 Spellcasting
 + Level 4.5 Conjurations
 + Level 1.2 Translocations


You had 4 spell levels left.
You knew the following spells:

 Your Spells              Type           Power      Damage    Failure   Level
a - Magic Dart            Conj           76%        1d6       2%          1
b - Searing Ray           Conj           38%        3d4       3%          2

Your spell library contained the following spells:

 Spells                   Type           Power      Damage    Failure   Level
 Dazzling Flash           Conj/Hex       20%        N/A       19%         3
 Iskenderun's Mystic Bla  Conj/Tloc      13%        2d5       43%         4
 Fulminant Prism          Conj/Hex       5%         3d7       54%         4


Dungeon Overview and Level Annotations

Branches:
Dungeon (3/15)

Altars:
Dithmenos

Annotations:
D:3 dig the loot


Innate Abilities, Weirdness & Mutations

Your plain brown scales are hard. (AC +5)
You cannot fit into any form of body armour.
You are cold-blooded and may be slowed by cold attacks.


Message History

Ouch! That really hurt!
An orc wizard comes into view. It is wielding a +0 club.
The centaur shoots an arrow.
The arrow hits you but does no damage.
You see here a quokka corpse.
There is an escape hatch in the ceiling here.
A mysterious force pulls you upwards. The hatch slams shut behind you.
(D) Dungeon
Where to? (Enter - D:3 @ (x,y), ? - help)
What level of the Dungeon? (default 1, ? - help)
There is an open door here.
Things that are here:
a +0 robe; a +0 club
There is an open door here.
There is an open door here.
Magic restored.
There is a stone staircase leading down here.
You fly downwards.
Level annotation: dig the loot
There is a stone staircase leading up here.
HP restored.
The centaur shouts!
The centaur shoots an arrow.
The arrow hits you!
The centaur shoots an arrow.
The arrow hits you but does no damage.
Aiming: Magic Dart (safe; 2% risk of failure)
Press: ? - help, Q - select action, (/) - cycle Shift-Dir - straight line, f - centaur
Aim: a centaur, wielding a +0 shortbow and quivering arrows (100% to hit)
The magic dart hits the centaur.
The centaur is lightly wounded.
The centaur shoots an arrow.
The arrow hits you!
Throw: 3 darts (curare)
Press: ? - help, Shift-Dir - straight line, f/p - centaur
Aim: a centaur, wielding a +0 shortbow and quivering arrows (lightly wounded, 65% to hit)
You throw a curare-tipped dart.
The curare-tipped dart barely misses the centaur.
The centaur shoots an arrow.
The arrow hits you.
The centaur shoots an arrow.
The arrow hits you!
* * * LOW HITPOINT WARNING * * *
As you read the scroll of teleportation, it crumbles to dust.
You feel strangely unstable.
The centaur shoots an arrow.
The arrow hits you.
You die...

..# #.......#
#.........). .##
##.#.##.# ##..........
.# ##..#.# # #..........
.## ##..#### ..###..#..#
## #.##..##.## .# .(
#....##..# ##.##.c..
#.......########........
#..#.........#.#@#......
##...#######.....#.#...
#..## ###...#.... ##..#
#...#....##.. ....#
#.#...(.... ###.#
#.#.##.>### # #.#
#####........# #
#.####......##....# #
#.......#...##....#


You could see a centaur.

Vanquished Creatures
  An adder (D:2)
  2 orcs (D:3)
  2 ball pythons
  5 bats
  4 endoplasms
  3 giant cockroaches
  4 goblins (D:2)
  2 hobgoblins
  4 jackals (D:2)
  3 quokkas
  3 kobolds
  3 rats (D:2)
36 creatures vanquished.

Notes
Turn   | Place    | Note
-------+----------+-------------------------------------------
     0 | D:1      | hawla the Draconian Conjurer began the quest for the Orb.
     0 | D:1      | Reached XP level 1. HP: 14/14 MP: 3/3
   230 | D:1      | Found a faded altar of an unknown god.
   795 | D:2      | Reached XP level 2. HP: 22/22 MP: 3/5
   838 | D:2      | Learned a level 2 spell: Searing Ray
  1081 | D:2      | Reached skill level 1 in Fighting
  1199 | D:2      | Reached skill level 1 in Translocations
  1659 | D:2      | Reached XP level 3. HP: 20/28 MP: 3/6
  2208 | D:3      | Found a shadowy altar of Dithmenos.
  2326 | D:3      | Noticed a centaur
  2532 | D:3      | Shot with an arrow by a centaur

Illustrated notes

Levels and vault maps discovered:
D:1:      lemuel_arrival_behind_the_door_small, layout_loops_cross,
          basic_ecumenical_altar
D:2:      layout_basic, chequers_serial_rivers_micro_a
D:3:      layout_rooms, mainiacjoe_overflow_surrounded_room,
          nzn_hepliaklqana_mist_gate, nicolae_dithmenos_the_darkroom,
          due_unseen_surprise

Skill      XL: |  1  2  3 |
---------------+----------+-----
Fighting       | 1 |  1.0
Translocations | 1 |  1.2
Stealth        | 2 |  2.0
Dodging        | |  1.9
Spellcasting   | |  2.5
Conjurations   | |  4.5

Action                   || total
-------------------------++-------
Melee: Unarmed           ||    15
       Tailslap          ||     3
Throw: Dart              ||     3
 Cast: Magic Dart        ||    25
       Searing Ray       ||    17
  Use: Scroll            ||     7
Armor: Skin              ||    16
Dodge: Dodged            ||    23
